 Dungeon Crawl Stone Soup version 0.22.1-2-g9c5b331383 (webtiles) character file.

129 kissimirri the Chiller (level 4, -2/32 HPs)
             Began as a Vampire Ice Elementalist on Nov 21, 2018.
             Slain by a killer bee (4 damage)
             ... on level 2 of the Dungeon.
             The game lasted 00:06:37 (796 turns).

kissimirri the Chiller (Vampire Ice Elementalist)    Turns: 796, Time: 00:06:37

Health: -2/32      AC:  2    Str: 12    XL:     4   Next: 88%
Magic:  0/8        EV: 13    Int: 18    God:
Gold:   49         SH:  0    Dex: 14    Spells: 2/8 levels left

rFire    . . .     SeeInvis +   (no weapon)
rCold    . . .     Gourm    .   (no shield)
rNeg     . . .     Faith    .   a - +0 robe
rPois    .         Spirit   .   (no helmet)
rElec    .         Reflect  .   (no cloak)
rCorr    .         Harm     .   (no gloves)
MR       .....                  (no boots)
Stlth    ++........             (no amulet)
HPRegen  0.30/turn              g - +5 ring of strength
MPRegen  0.11/turn              (no ring)

@: very slightly contaminated, regenerating quickly
A: fangs 3, see invisible, unbreathing
a: no special abilities


You were on level 2 of the Dungeon.
You were full.

You visited 1 branch of the dungeon, and saw 2 of its levels.

You collected 49 gold pieces.

Inventory:

Armour
 a - a +0 robe (worn)
Jewellery
 g - a +5 ring of strength (left hand)
Scrolls
 h - 2 scrolls of identify {unknown}
 j - a scroll of immolation {unknown}
Potions
 c - a potion of blood
 d - a potion of berserk rage {unknown}
 e - 3 potions of lignification {unknown}
 f - a potion of ambrosia {unknown}
 i - a potion of might {unknown}
 k - a potion of flight {unknown}
 l - a potion of heal wounds {unknown}


   Skills:
 + Level 1.2 Fighting
 + Level 3.1 Dodging
 - Level 3.5 Stealth
 - Level 0.4 Unarmed Combat
 + Level 2.7 Spellcasting
 - Level 0.6 Conjurations
 * Level 4.2 Ice Magic


You had 2 spell levels left.
You knew the following spells:

 Your Spells              Type           Power        Failure   Level  Hunger
a - Freeze                Ice            ###.         3%          1    #......
b - Ozocubu's Armour      Chrm/Ice       ##......     22%         3    ###....
c - Throw Frost           Conj/Ice       ##....       10%         2    ##.....

Your spell library contained the following spells:

 Spells                   Type           Power        Failure   Level  Hunger
 Throw Icicle             Conj/Ice       ##......     52%         4    #####..
 Summon Ice Beast         Ice/Summ       ##......     56%         4    #####..


Dungeon Overview and Level Annotations

Branches:
Dungeon (2/15)

Altars:


Innate Abilities, Weirdness & Mutations

Your natural rate of healing is unusually fast.
You have razor-sharp teeth.
You have supernaturally acute eyesight. (SInv)
You can survive without breathing.


Message History

The killer bee misses you. The killer bee stings you!
* * * LOW HITPOINT WARNING * * *
It was a potion of curing.
You feel better. The killer bee stings you.
You are poisoned.
The killer bee poisons you! The killer bee barely misses you.
You feel better. The killer bee stings you. The killer bee closely misses you.
Casting: Freeze (safe; 3% risk of failure)
Confirm with . or Enter, or press ? or * to list all spells.
You don't have enough magic to cast that spell.
Unknown command.
You hit the killer bee.
The killer bee is severely wounded.
The killer bee stings you!
* * * LOW HITPOINT WARNING * * *
The killer bee stings you.
* * * LOW HITPOINT WARNING * * *
You hit the killer bee but do no damage.
The killer bee is severely wounded.
The killer bee stings you.
You die...

#######.########
................
##.####.######## #. #.#
#.# #.
...#.###.####.####### #.
...yy...............##.#.
......##.................
....# #.####†......##.#.
... #@# #.......# # #y#
#.####### ..# #.# #.##
#..# #.# #... #..# #.#
#### ##.# #.# .... #..
#.# #### ... ..


You could see a killer bee.

Vanquished Creatures
  2 killer bees (D:2)
  An adder (D:2)
  3 dart slugs (D:1)
  3 giant cockroaches
  3 goblins (D:1)
  2 hobgoblins (D:1)
  7 jackals (D:1)
  3 bats
  2 frilled lizards (D:1)
  3 kobolds
  4 rats
33 creatures vanquished.

Vanquished Creatures (others)
  A bat (D:1)
1 creature vanquished.

Grand Total: 34 creatures vanquished

Notes
Turn   | Place    | Note
-------+----------+-------------------------------------------
     0 | D:1      | kissimirri the Vampire Ice Elementalist began the quest for
                  | the Orb.
     0 | D:1      | Reached XP level 1. HP: 13/13 MP: 3/3
   128 | D:1      | Reached XP level 2. HP: 18/19 MP: 3/5
   455 | D:1      | Reached XP level 3. HP: 12/24 MP: 0/6
   606 | D:2      | Learned a level 3 spell: Ozocubu's Armour
   609 | D:2      | Learned a level 2 spell: Throw Frost
   754 | D:2      | Noticed a killer bee
   760 | D:2      | Killed a killer bee
   760 | D:2      | Reached XP level 4. HP: 31/31 MP: 3/7
   789 | D:2      | Reached skill level 1 in Fighting
   789 | D:2      | Reached skill level 4 in Ice Magic
   796 | D:2      | Slain by a killer bee

Skill      XL: |  1  2  3  4 |
---------------+-------------+-----
Fighting       | 1 |  1.2
Dodging        | 3 |  3.1
Ice Magic      | 4 |  4.2
Stealth        | |  3.5
Unarmed Combat | |  0.4
Spellcasting   | |  2.7
Conjurations   | |  0.6

Action                   |  1- 3 |  4- 6 || total
-------------------------+-------+-------++-------
Melee: Unarmed           |    34 |     2 ||    36
       Bite              |     3 |       ||     3
 Cast: Freeze            |    42 |     6 ||    48
  Use: Potion            |       |     2 ||     2
 Stab: Sleeping          |     3 |       ||     3
  Eat: Corpse            |     7 |       ||     7
Armor: Robe              |    12 |       ||    12
Dodge: Dodged            |    50 |    11 ||    61
